 Dungeon Crawl Stone Soup version 0.29-a0-557-g43b9904bd1 (webtiles) character file.

Game seed: 7057860713952696185

46 Seig the Slasher (level 3, -5/28 HPs)
             Began as a Human Gladiator on June 8, 2022.
             Was a Believer of Elyvilon.
             Slain by a scorpion (6 damage)
             ... on level 5 of the Dungeon.
             The game lasted 00:11:27 (4600 turns).

Seig the Slasher (Human Gladiator)                  Turns: 4600, Time: 00:11:27

Health: -5/28      AC:  6    Str: 15 (16) XL:     3   Next: 95%
Magic:  3/3        EV: 12    Int:  7 (8)  God:    Elyvilon [**....]
Gold:   81         SH:  0    Dex: 13 (14) Spells: 2/2 levels left

rFire   + . .      SeeInvis .   a - +0 long sword
rCold   . . .      Faith    .   (no shield)
rNeg    . . .      Spirit   .   f - +2 leather armour {rF+}
rPois   .          Reflect  .   c - +0 helmet
rElec   .          Harm     .   (no cloak)
rCorr   .          Rampage  .   (no gloves)
Will    .....                   (no boots)
Stlth   +.........              (no amulet)
HPRegen 0.09/turn               (no ring)
MPRegen 0.08/turn               (no ring)

@: on berserk cooldown, slowed, very slow
A: no striking features
a: Renounce Religion, Purification, Heal Other


You were on level 5 of the Dungeon.
You worshipped Elyvilon.
Elyvilon was pleased with you.
You visited 1 branch of the dungeon, and saw 4 of its levels.

You collected 81 gold pieces.

Inventory:

Hand Weapons
 a - a +0 long sword (weapon)
Missiles
 d - 3 throwing nets (quivered)
 e - 4 javelins
Armour
 c - a +0 helmet (worn)
 f - a +2 leather armour of fire resistance (worn)
Scrolls
 g - a scroll of vulnerability {unknown}
 h - a scroll of magic mapping {unknown}
Potions
 b - a potion of resistance


   Skills:
 + Level 2.3 Fighting
 * Level 3.5 Long Blades
 + Level 2.3 Throwing
 + Level 0.9 Armour
 * Level 3.4 Dodging


You had 2 spell levels left.
You didn't know any spells.
Your spell library contained the following spells:

 Spells                   Type           Power      Damage    Failure   Level
 Blink                    Tloc           0%         N/A       65%         2
 Lesser Beckoning         Tloc           0%         N/A       86%         3
 Manifold Assault         Tloc           0%         N/A       100%        5


Dungeon Overview and Level Annotations

Branches:
Dungeon (3/15)

Altars:
Elyvilon


Message History

You closely miss the scorpion. The scorpion closely misses you.
The scorpion stings you.
You closely miss the scorpion.
The scorpion stings you but does no damage.
The scorpion stings you. x2
You are poisoned.
The scorpion poisons you!
You hit the scorpion.
The scorpion is lightly wounded.
You feel very sick. The scorpion barely misses you. x2
You barely miss the scorpion.
You feel very sick.
The scorpion stings you but does no damage.
The scorpion completely misses you.
You hit the scorpion.
The scorpion is lightly wounded.
You feel sick. The scorpion barely misses you.
The scorpion stings you but does no damage.
The scorpion stings you.
* * * LOW HITPOINT WARNING * * *
You hit the scorpion.
The scorpion is moderately wounded.
You feel sick.
The scorpion stings you but does no damage.
The scorpion closely misses you.
You hit the scorpion.
The scorpion is heavily wounded.
You feel sick.
You are no longer poisoned.
The scorpion closely misses you. The scorpion barely misses you.
You slash the scorpion!
The scorpion is almost dead.
The scorpion stings you.
* * * LOW HITPOINT WARNING * * *
The scorpion misses you.
You barely miss the scorpion.
The scorpion is almost dead.
The scorpion closely misses you. The scorpion stings you.
You die...

## . # ## .#.⌠.
..#. #.# #..
#.# #.#
#.####.#
#.##..@#
#.#...#s⌠.#
#.#.#..#.#.#
#.#.##.###
####.#.##..##
#...........#
#.###..##.##..#
#.# #.....# ...
#.# #..#### .#


You could see a scorpion.

Vanquished Creatures
  3 dart slugs (D:2)
  An endoplasm (D:1)
  2 giant cockroaches
  5 goblins
  5 hobgoblins
  4 jackals (D:2)
  6 kobolds
  2 quokkas
  3 ball pythons
  A bat (D:1)
  A frilled lizard (D:3)
  5 rats
  2 bushes (D:1)
40 creatures vanquished.

Vanquished Creatures (others)
  A plant (D:1)
1 creature vanquished.

Grand Total: 41 creatures vanquished

Notes
Turn   | Place    | Note
-------+----------+-------------------------------------------
     0 | D:1      | Seig the Human Gladiator began the quest for the Orb.
     0 | D:1      | Reached XP level 1. HP: 16/16 MP: 1/1
   545 | D:1      | Reached XP level 2. HP: 22/22 MP: 2/2
  3349 | D:2      | Found a faded altar of an unknown god.
  3358 | D:2      | Prayed at the altar of an unknown god.
  3358 | D:2      | Became a worshipper of Elyvilon the Healer
  3358 | D:2      | Reached * piety under Elyvilon
  3387 | D:2      | Reached XP level 3. HP: 21/27 MP: 3/3
  4147 | D:2      | Reached ** piety under Elyvilon
  4563 | D:3      | You fall into a shaft and drop 2 floors!
  4563 | D:5      | Entered Level 5 of the Dungeon
  4590 | D:5      | Noticed a scorpion
  4599 | D:5      | HP: 1/28 [scorpion (3)]
  4600 | D:5      | Slain by a scorpion

Illustrated notes

Levels and vault maps discovered:
D:1:      psy_arrival_conway, layout_basic
D:2:      layout_basic, ebering_ecumenical_altar_sacrificial
D:3:      layout_basic
D:5:      layout_loops_ring, hangedman_decor_lopped, grunt_decor_mini_mirrors,
          chequers_serial_rivers_small_3, uniq_blork_the_orc

Action                   || total
-------------------------++-------
Melee: Long sword        ||   361
       Punch             ||     5
Throw: Throwing net      ||     1
  Use: Potion            ||     7
       Scroll            ||     2
Armor: Leather armour    ||    61
Dodge: Dodged            ||    93

Table legend: (Time is in decaauts)
 A = Elapsed time spent in this place.
 B = Non-inter-level travel time spent in this place.
 C = Inter-level travel time spent in this place.
 D = Time resting spent in this place.
 E = Time spent auto-exploring this place.
 F = Levels seen in this place.
 G = Mean time per level.
                   A        B        C        D        E       F      G
               +--------+--------+--------+--------+--------+-----+--------+
         Total |   4694 |   4694 |      0 |   2566 |    851 |   4 | 1173.5 |
       Dungeon |   4694 |   4694 |      0 |   2566 |    851 |   4 | 1173.5 |
               +--------+--------+--------+--------+--------+-----+--------+

Top non-repeatable levels by time:
     D:1: 3420 daAuts
     D:2: 1182 daAuts
     D:3: 47 daAuts
     D:5: 43 daAuts
